Map: Orbital Shipyard

Players

Welmu - Winner!

  • Race: Protoss Protoss
  • League: Grandmaster

HeroMarine

  • Race: Terran Terran
  • League: Grandmaster

Event: NationWars III

VOD

Have the link to the VOD?

Description

Time

  • Played on: Dec. 12, 2015, 11:21 a.m.
  • Length: 12:35
Show
View Real Time Build Order
Export as new Build Order

Welmu Protoss - Winner!

Build Orders: 1 Gate Expand 

Get SALT Encoding   

  12  0:01  Probe (Chrono Boost)  
  13  0:11  Probe (Chrono Boost)  
  14  0:17  Pylon  
  14  0:22  Probe (Chrono Boost)  
  16  0:36  Probe (Chrono Boost)  
  16  0:37  Gateway  
  16  0:42  Assimilator  
  16  0:46  Probe (Chrono Boost)  
  17  0:57  Probe (Chrono Boost)  
  18  1:07  Probe (Chrono Boost)  
  19  1:19  Nexus  
  19  1:29  Cybernetics Core  
  19  1:35  Probe (Chrono Boost)  
  19  1:37  Zealot  
  22  1:46  Pylon  
  22  1:49  Probe (Chrono Boost)  
  23  2:00  Assimilator  
  23  2:09  Mothership Core (Chrono Boost)  
  25  2:19  Adept (Chrono Boost)  
  27  2:27  Probe  
  27  2:29  Probe  
  28  2:32  Warp Gate  
  29  2:39  Probe  
  29  2:40  Probe, Pylon  
  31  2:45  Adept (Chrono Boost)  
  33  2:51  Probe x2  
  33  2:53  Pylon  
  35  3:02  Probe (Chrono Boost)  
  35  3:03  Probe (Chrono Boost)  
  37  3:13  Robotics Facility  
  37  3:14  Probe (Chrono Boost)  
  37  3:16  Probe (Chrono Boost)  
  39  3:24  Probe (Chrono Boost)  
  41  3:27  Probe (Chrono Boost)  
  41  3:35  Probe (Chrono Boost)  
  41  3:37  Probe (Chrono Boost)  
  41  3:38  Gateway  
  43  3:46  Probe (Chrono Boost)  
  44  3:50  Probe (Chrono Boost)  
  45  3:56  Probe (Chrono Boost)  
  44  4:06  Probe (Chrono Boost)  
  44  4:08  Gateway  
  41  4:11  Probe (Chrono Boost)  
  41  4:14  Observer, Assimilator  
  44  4:17  Probe (Chrono Boost)  
  44  4:18  Assimilator  
  44  4:21  Nexus  
  44  4:22  Probe (Chrono Boost)  
  45  4:26  Twilight Council  
  45  4:27  Probe (Chrono Boost)  
  45  4:28  Pylon  
  46  4:31  Pylon  
  46  4:32  Probe (Chrono Boost)  
  46  4:37  Observer  
  46  4:38  Probe (Chrono Boost)  
  49  4:46  Probe (Chrono Boost), Pylon  
  49  4:49  Adept x2  
  49  4:50  Mothership Core (Chrono Boost)  
  54  4:58  Immortal, Probe (Chrono Boost)  
  59  5:05  Blink (Chrono Boost)  
  59  5:09  Sentry, Probe (Chrono Boost)  
  62  5:15  Pylon  
  62  5:16  Adept x2  
  66  5:29  Forge x2  
  66  5:33  Stalker  
  66  5:37  Stalker x2  
  70  5:49  Probe (Chrono Boost)  
  70  5:50  Probe x2 (Chrono Boost)  
  70  5:53  Pylon  
  71  5:58  Protoss Ground Weapons Level 1 (Chrono Boost)  
  71  5:59  Pylon  
  71  6:00  Probe x2 (Chrono Boost)  
  71  6:03  Protoss Ground Armor Level 1 (Chrono Boost)  
  73  6:05  Probe (Chrono Boost)  
  73  6:07  Stalker x2  
  73  6:10  Probe  
  79  6:12  Stalker, Probe  
  79  6:16  Probe  
  83  6:22  Probe  
  83  6:23  Probe  
  85  6:29  Probe, Warp Prism  
  88  6:33  Pylon  
  88  6:35  Stalker, Pylon  
  88  6:36  Probe  
  88  6:37  Probe  
  92  6:41  Pylon  
  93  6:47  Probe  
  93  6:49  Probe  
  93  6:51  Resonating Glaives (Chrono Boost), Pylon  
  94  6:56  Probe  
  94  6:58  Probe  
  93  7:04  Adept x2  
  93  7:05  Immortal, Adept  
  103  7:15  Gateway  
  103  7:16  Gateway  
  103  7:18  Gateway  
  103  7:26  Gateway  
  103  7:27  Pylon  
  103  7:28  Pylon  
  103  7:30  Gateway  
  103  7:33  Stalker x3  
  109  7:43  Pylon  
  109  7:46  Immortal  
  109  7:49  Protoss Ground Weapons Level 2 (Chrono Boost)  
  109  7:50  Protoss Ground Armor Level 2 (Chrono Boost)  
  113  7:51  Pylon  
  113  7:54  Pylon  
  113  7:55  Gateway  
  113  8:02  Gateway  
  113  8:03  Adept x2  
  117  8:06  Gateway  
  117  8:09  Probe x2  
  117  8:12  Probe  
  120  8:22  Pylon  
  120  8:25  Adept x5  
  120  8:26  Immortal  
  134  8:31  Pylon  
  134  8:43  Nexus  
  134  8:46  Pylon  
  134  8:47  Stalker x3  
  138  8:53  Dark Shrine  
  138  9:00  Adept x4  
  146  9:04  Adept x2  
  150  9:11  Pylon  
  150  9:14  Adept x3  
  156  9:22  Adept x4  
  164  9:27  Immortal  
  168  9:37  Stalker x3  
  174  9:48  Protoss Ground Weapons Level 3 (Chrono Boost)  
  173  9:54  Stalker x2  
  173  9:55  Adept  
  173  9:56  Adept x2  
  183  10:11  Adept  
  183  10:12  Adept x3  
  183  10:13  Immortal  
  195  10:20  Adept x2  
  181  10:51  Adept x3  
  181  10:52  Adept x8  
  163  11:03  Warp Prism  
  161  11:12  Adept  
  161  11:13  Stalker x4  
  161  11:16  Adept x2, Zealot  
  161  11:17  Zealot x2  
  181  11:18  Probe  
  181  11:20  Nexus  
  182  11:34  Photon Cannon, Assimilator  
  182  11:37  Photon Cannon  
  182  11:38  Stalker, Dark Templar  
  182  11:39  Stalker, Zealot x2, Assimilator  
  192  11:45  Stalker x2  
  150  12:03  Adept x2  
  150  12:04  Adept x6  
  148  12:18  Probe x2  
  148  12:19  Probe  
  148  12:20  Stalker x2  
  148  12:21  Stalker  
  151  12:28  Adept  
  151  12:29  Adept, Zealot x4  
  159  12:30  Zealot x2  
Show
View Real Time Build Order
Export as new Build Order

HeroMarine Terran 

Build Orders: Command Center First (CC), MMM Bio 

Get SALT Encoding   

  12  0:00  SCV  
  13  0:13  SCV  
  14  0:17  Supply Depot  
  14  0:25  SCV  
  15  0:39  SCV  
  16  0:51  SCV  
  17  0:59  Command Center  
  17  1:03  SCV  
  18  1:12  Barracks  
  18  1:16  SCV  
  19  1:22  Refinery  
  19  1:28  SCV  
  20  1:37  Refinery  
  20  1:40  SCV  
  21  2:00  Orbital Command, Marine  
  22  2:12  Orbital Command  
  22  2:17  Factory  
  22  2:23  Barracks Reactor  
  22  2:26  SCV  
  22  2:29  Bunker  
  23  2:38  SCV  
  23  2:39  SCV  
  23  2:42  Marine  
  26  2:49  Supply Depot  
  26  2:54  SCV x2  
  28  3:00  Marine  
  28  3:04  Factory Tech Lab  
  29  3:07  SCV  
  29  3:08  SCV, Starport  
  31  3:19  SCV  
  32  3:24  Cyclone  
  32  3:25  Marine  
  36  3:30  SCV  
  36  3:31  SCV  
  36  3:40  Supply Depot  
  36  3:42  SCV  
  36  3:44  SCV  
  38  3:52  Marine  
  38  3:58  SCV  
  38  4:00  SCV  
  38  4:02  Medivac  
  38  4:10  SCV  
  38  4:11  Barracks Reactor  
  38  4:12  SCV  
  40  4:22  SCV  
  40  4:23  Engineering Bay  
  41  4:24  SCV  
  41  4:29  Command Center  
  41  4:30  Cyclone  
  45  4:34  SCV  
  46  4:42  SCV, Supply Depot  
  47  4:46  SCV  
  47  4:50  Marine x2  
  47  4:51  Liberator  
  50  4:54  SCV  
  50  4:59  SCV  
  52  5:04  Barracks  
  52  5:05  Barracks  
  52  5:06  SCV  
  53  5:11  SCV  
  57  5:14  Factory Tech Lab  
  57  5:18  SCV  
  57  5:19  Marine  
  57  5:20  Refinery x2  
  59  5:23  SCV  
  59  5:24  Stimpack  
  60  5:30  SCV  
  60  5:35  SCV  
  62  5:40  Supply Depot  
  62  5:41  Marine  
  62  5:42  SCV  
  64  5:47  SCV  
  64  5:49  Orbital Command  
  62  5:52  Terran Infantry Weapons Level 1  
  62  5:54  SCV, Starport Reactor  
  63  5:58  Barracks  
  63  5:59  SCV, Marauder  
  63  6:03  Barracks  
  66  6:05  Marine  
  66  6:06  SCV  
  66  6:08  Combat Shields  
  66  6:11  SCV, Orbital Command  
  68  6:12  Marine x2  
  71  6:18  SCV  
  71  6:22  Marauder  
  71  6:23  SCV  
  71  6:24  Supply Depot, Marauder  
  71  6:25  Supply Depot  
  77  6:30  SCV  
  77  6:31  Supply Depot, Medivac  
  77  6:32  Medivac  
  82  6:33  Widow Mine  
  82  6:35  SCV  
  82  6:36  Supply Depot  
  82  6:38  Missile Turret  
  85  6:40  Missile Turret  
  85  6:47  Marauder  
  85  6:48  SCV x2, Marauder  
  85  6:51  SCV  
  85  6:53  Barracks Reactor, Barracks Tech Lab  
  92  7:00  SCV  
  90  7:02  SCV  
  90  7:04  Marine x2, Medivac x2  
  90  7:06  SCV  
  98  7:09  Marauder  
  98  7:11  Supply Depot x2  
  98  7:13  SCV  
  98  7:14  Supply Depot  
  101  7:17  SCV  
  101  7:19  Refinery x2  
  101  7:20  SCV, Marine x2  
  105  7:23  Fusion Core  
  105  7:30  Factory Tech Lab, Marauder  
  105  7:31  Marine x2  
  105  7:33  SCV  
  105  7:35  SCV, Starport  
  105  7:36  SCV, Marine x2, Liberator x2  
  114  7:38  Marine  
  114  7:39  Marine  
  114  7:43  Supply Depot  
  116  7:45  Supply Depot  
  116  7:48  Marine  
  116  7:49  Marine  
  118  7:51  Marine  
  118  7:54  Marine x2  
  118  7:56  Marine  
  127  8:07  Terran Infantry Armor Level 1, Liberator  
  127  8:08  Armory, Marine x3  
  127  8:09  Marine  
  127  8:11  Barracks  
  131  8:13  Marine  
  131  8:14  Marine  
  131  8:15  Barracks  
  133  8:20  Liberator  
  133  8:24  Advanced Ballistics  
  136  8:27  Marine x2  
  136  8:28  Liberator  
  136  8:31  Supply Depot, Factory Reactor  
  136  8:32  Supply Depot  
  136  8:33  Marine  
  136  8:34  Engineering Bay  
  142  8:42  Marine x3  
  142  8:43  Marine  
  142  8:45  Marine  
  142  8:46  Marine  
  150  8:50  Liberator  
  150  8:51  Marine  
  151  9:00  Marine  
  151  9:01  Barracks Tech Lab  
  152  9:03  Barracks Tech Lab  
  152  9:04  Barracks  
  152  9:05  Marine x3  
  152  9:07  Terran Infantry Weapons Level 2  
  152  9:09  Liberator, Marine x3  
  161  9:14  Command Center, Supply Depot  
  161  9:15  Terran Ship Weapons Level 1  
  161  9:18  Marine  
  161  9:21  Supply Depot  
  161  9:22  Supply Depot  
  161  9:23  Marine  
  161  9:24  Liberator  
  163  9:27  Marine x4  
  169  9:33  Bunker  
  169  9:40  Missile Turret  
  169  9:41  Missile Turret  
  169  9:42  Liberator x2, Missile Turret, Marine  
  169  9:44  Marauder  
  175  9:48  Marauder  
  175  9:50  Marauder  
  179  9:56  Barracks Reactor, Marine x2  
  181  10:03  Marauder  
  181  10:07  Marine x2  
  190  10:18  Marine  
  190  10:19  Marauder x2, Missile Turret, Marine x2  
  190  10:20  Missile Turret  
  197  10:26  Marauder  
  199  10:34  Liberator x2  
  187  10:47  Marauder  
  187  10:48  Marine  
  187  10:49  Marauder  
  178  10:50  Liberator, Marine x2  
  178  10:51  Marauder x2  
  178  10:53  Marine x2  
  178  10:55  Marauder, Marine  
  162  11:00  Liberator  
  149  11:05  Marine  
  149  11:08  Marauder, Marine x2  
  149  11:10  Marauder  
  159  11:11  Marine  
  159  11:12  Marine x3  
  159  11:13  Marine  
  159  11:16  Marine  
  159  11:17  Liberator  
  168  11:23  Marine  
  169  11:26  Marine x2  
  169  11:29  Marine x2  
  173  11:37  Missile Turret  
  176  11:42  Marine x3  
  179  11:47  Missile Turret  
  179  11:54  Marauder  
  167  11:55  Marine x2  
  167  11:56  Marauder  
  167  11:57  Marine x2  
  167  11:58  Marauder  
  167  11:59  Marine  
  167  12:00  Marine x3  
  91  12:13  Marine x2  
  91  12:14  Marine  
Tags
 
Add a new tag
Caveats
  • Supply blocks, unpowered buildings, or Contaminate may cause inaccurate times.
  • Supply counts are checked every 10 seconds.